AoeStats
← bryant200120

Arena

509083955Analyzed
4v4 RM · 9d ago on Sep 25, 2026· 42m 37s· 8 players
Game mode
Random Map
Map size
Large (8 player)
Population
200
Speed
Normal
Resources
Standard
Victory
Conquest
Starting age
Dark Age
Ending age
Imperial Age
RankedLock teamsTeams togetherTeam positionsShared explorationLock speedFull tech treeHidden civsTurbo modeCheats
Victory
Defeat
1031
+13
🇩🇪 Danes · Germany
1024
+14
🇷🇺 Khmer · Russia
1009
+14
🇹🇼 Byzantines · Taiwan
985
+16
🇦🇺 Bohemians · Australia
1103
-19
🇦🇺 Huns · Australia
949
-29
🇦🇹 Koreans · Austria
933
-13
🇩🇪 Mongols · Germany
911
-12
bryant200120
10:42 Feudal Age
15:04 Castle Age
13:17 Double-Bit Axe
13:23 Horse Collar
17:52 Heavy Plow
22:30 Wheelbarrow
26:25 Imperial Age
23:57 Pikeman
24:40 Squires
25:55 Scale Mail Armor
26:06 Forging
25:47 Loom
27:23 Hand Cart
27:29 Gambesons
28:09 Chain Mail Armor
28:50 Hand Cart
30:46 Bow Saw
30:29 Treadmill Crane
32:34 Plate Mail Armor
32:40 Iron Casting
31:29 Capped Ram
32:22 Gold Mining
32:59 Halberdier
34:33 Fletching
34:43 Padded Archer Armor
35:43 Conscription
35:11 Elite Skirmisher
35:57 Thumb Ring
35:51 Bodkin Arrow
36:52 Bracer
37:09 Fortified Wall
37:59 Gold Shaft Mining
37:58 Leather Archer Armor
38:10 Ballistics
39:52 Chemistry
42:49 Ring Archer Armor
42:25 Scale Barding Armor
一刀九千九百九十九
8:51 Loom
9:01 Loom
10:56 Feudal Age
13:12 Wheelbarrow
12:49 Double-Bit Axe
15:33 Castle Age
14:09 Gold Mining
14:30 Scale Barding Armor
17:23 Husbandry
16:45 Light Cavalry
18:27 Bow Saw
18:18 Gold Mining
29:48 Imperial Age
28:05 Hand Cart
27:39 Town Watch
29:33 Gold Shaft Mining
29:05 Scale Barding Armor
28:53 Treadmill Crane
29:00 Town Watch
29:10 Stone Mining
30:18 Cavalier
31:25 Chain Barding Armor
31:17 Forging
31:46 Town Patrol
31:56 Light Cavalry
33:52 Paladin
38:02 Iron Casting
39:24 Plate Barding Armor
39:51 Blast Furnace
陟遐自迩
0:57 Loom
2:17 Loom
2:49 Loom
11:35 Feudal Age
12:55 Horse Collar
18:19 Castle Age
16:27 Double-Bit Axe
17:07 Stone Mining
18:08 Forging
19:10 Wheelbarrow
20:07 Bow Saw
20:12 Heavy Plow
21:38 Scale Mail Armor
24:15 Gold Mining
30:10 Imperial Age
28:27 Squires
28:13 Arson
28:17 Gambesons
29:45 Gold Shaft Mining
29:49 Stone Shaft Mining
29:02 Hamask
31:05 Town Watch
32:02 Iron Casting
31:42 Chain Mail Armor
32:04 Hand Cart
32:58 Conscription
34:05 Blast Furnace
34:20 Plate Mail Armor
33:48 Elite Jomsviking
38:47 Ballistics
39:27 Chemistry
38:33 Siege Engineers
42:33 Man-at-Arms
42:34 Pikeman
KOMMEPCAHT
12:05 Feudal Age
13:28 Double-Bit Axe
16:15 Castle Age
14:29 Horse Collar
15:52 Wheelbarrow
18:27 Hand Cart
20:23 Loom
27:00 Bow Saw
27:01 Heavy Plow
28:58 Ballistics
29:47 Fortified Wall
29:43 Gold Mining
29:43 Stone Mining
32:55 Imperial Age
32:24 Murder Holes
32:59 Heavy Scorpion
34:15 Double Crossbow
36:04 Siege Engineers
39:09 Chemistry
38:21 Masonry
37:58 Capped Ram
39:25 Siege Ram
41:12 Onager
sascha.n.89
11:31 Feudal Age
11:59 Horse Collar
12:06 Double-Bit Axe
13:43 Wheelbarrow
18:36 Castle Age
19:35 Heavy Plow
21:57 Loom
24:05 Gold Mining
24:07 Light Cavalry
24:58 Stone Mining
27:05 Hand Cart
33:34 Imperial Age
32:55 Ballistics
32:52 Thumb Ring
32:51 Husbandry
33:01 Bloodlines
34:31 Bow Saw
34:19 Stone Mining
35:11 Gold Shaft Mining
Biskrem
11:00 Feudal Age
16:03 Castle Age
13:58 Double-Bit Axe
13:57 Horse Collar
20:18 Bow Saw
21:31 Heavy Plow
23:09 Crossbowman
28:46 Imperial Age
26:15 Fletching
27:24 Wheelbarrow
26:55 Squires
26:40 Arson
27:05 Bodkin Arrow
27:17 Scale Mail Armor
27:27 Forging
28:17 Thumb Ring
28:35 Hand Cart
28:06 Loom
28:57 Ballistics
29:34 Chain Mail Armor
29:30 Forging
31:02 Two-Man Saw
29:55 Arbalester
33:07 Bracer
33:38 Plate Mail Armor
33:44 Iron Casting
34:26 Iron Casting
35:28 Chemistry
34:20 Elite Fire Lancer
murgambit
11:46 Feudal Age
15:48 Castle Age
13:37 Double-Bit Axe
14:29 Horse Collar
17:10 Bow Saw
26:55 Heavy Plow
30:00 Chemistry
31:44 Imperial Age
30:51 Wheelbarrow
31:50 Wagenburg Tactics
32:24 Ballistics
32:07 Scale Mail Armor
32:17 Forging
32:59 Hand Cart
32:29 Town Watch
32:19 Pikeman
33:00 Squires
32:45 Arson
33:25 Chain Mail Armor
34:20 Murder Holes
38:07 Halberdier
StandbyVenus1
11:13 Feudal Age
12:19 Double-Bit Axe
12:37 Horse Collar
17:13 Castle Age
16:27 Bloodlines
16:34 Stone Mining
17:59 Wheelbarrow
17:10 Loom
17:43 Gold Mining
18:12 Light Cavalry
19:23 Husbandry
20:49 Scale Barding Armor
21:40 Heavy Plow
22:54 Bow Saw
24:05 Chain Barding Armor
25:15 Forging
27:02 Hand Cart
28:19 Iron Casting
27:44 Elite Skirmisher
29:28 Fletching
31:59 Thumb Ring
31:52 Bodkin Arrow
32:21 Ballistics
31:58 Murder Holes
36:41 Imperial Age
36:21 Padded Archer Armor
36:22 Scale Mail Armor
36:48 Hussar
38:33 Blast Furnace
38:07 Masonry
37:46 Pikeman
Connection lost

Rejoining the realm…

Still unreachable

The connection could not be restored.

Session expired

The server has moved on; the page needs a fresh start.